Cogmind - Beta 11.1 @@@ ROGUE MODE // 2022.10.21 @ 21:01:22 Player: Crud Result: Destroyed by Y-45 Defender with Beam Rifle Performance ------------- Evolutions (2) 1000 Regions Visited (4) 800 Robots Destroyed (59) 295 Value Destroyed (1945) 1945 Prototype IDs (1) 20 Alien Tech Used (0) 0 Bonus (137) 137 TOTAL SCORE: 4197 Bonus ------- High Alert Combat Kills 137 Cogmind --------- Core Integrity 0/550 Matter 440/450 Energy 224/300 System Corruption 28% Temperature Cool (20) Movement Flying (34) Location -8/Storage Parts ------- > --- POWER (1) -------- (None) > --- PROPULSION (3) --- Flight Unit Cesium-ion Thruster > --- UTILITY (4) ------ Large Battery Large Matter Pod > --- WEAPON (3) ------- Mini Grenade Launcher Mini Grenade Launcher > --- INVENTORY (5) ---- VSS Leg Improved Terrain Scanner Particle Cannon Peak State ------------ > --- POWER ------------ Light Deuterium Engine > --- PROPULSION ------- Aluminum Leg Aluminum Leg Aluminum Leg > --- UTILITY ---------- Improved Heat Sink Small Storage Unit Large Battery Hardened Medium Armor Plating > --- WEAPON ----------- Assault Cannon Assault Cannon Shock Bomb Launcher > --- INVENTORY -------- Reinforced Ion Engine Nuclear Core Large Matter Pod Improved Sensor Array EM Pulse Cannon Assault Cannon Shock Bomb Launcher Missile Launcher [Rating: 25] Favorites ----------- Power Light Deuterium Engine Engine Light Deuterium Engine Power Core Light Nuclear Core Propulsion Aluminum Leg Leg Aluminum Leg Wheel Wheel Flight Unit Cesium-ion Thruster Utility Small Storage Unit Device Improved Heat Sink Storage Small Storage Unit Processor Improved Signal Interpreter Hackware Hacking Suite Protection Hardened Medium Armor Plating Weapon Assault Cannon Energy Gun Medium Laser Energy Cannon EM Pulse Cannon Ballistic Gun Minigun Ballistic Cannon Assault Cannon Launcher Shock Bomb Launcher Build | -11 -10 -9 -8 -8 ------- Run | Scr Mat Mat Mat Sto Slots Evolved 4 | . . 2 2 . Power . | . . . . . Propulsion 1 | . . . 1 . Utility 2 | . . 2 . . Weapon 1 | . . . 1 . Parts Attached 50 | 7 . 15 6 22 Power 7 | 1 . 1 2 3 Engine 5 | 1 . 1 2 1 Core 2 | . . . . 2 Reactor . | . . . . . Propulsion 13 | 2 . 5 1 5 Treads . | . . . . . Leg 9 | 2 . 5 1 1 Wheel 1 | . . . . 1 Hover . | . . . . . Flight 3 | . . . . 3 Utility 15 | 2 . 6 . 7 Device 5 | 1 . 2 . 2 Storage 5 | 1 . 1 . 3 Processor 2 | . . 2 . . Hackware 1 | . . . . 1 Protection 2 | . . 1 . 1 Artifact . | . . . . . Weapon 15 | 2 . 3 3 7 Energy Gun 2 | 2 . . . . Energy Cannon 4 | . . 1 . 3 Ballistic Gun 1 | . . 1 . . Ballistic Cannon 3 | . . 1 2 . Launcher 5 | . . . 1 4 Special Weapon . | . . . . . Impact Weapon . | . . . . . Slashing Weapon . | . . . . . Piercing Weapon . | . . . . . Special Melee Weapon . | . . . . . Unidentified Prototypes 1 | . . . 1 . Corrupted Parts 1 | . . . . 1 System Corruption 4 | . . . . 4 Parts Lost 20 | . . . 1 19 Power 2 | . . . . 2 Propulsion 4 | . . . . 4 Utility 7 | . . . . 7 Weapon 7 | . . . 1 6 Highest Loss Streak 7 | . . . 1 7 To Critical Strikes . | . . . . . Average Slot Usage (%) 87 | . 100 99 100 64 Engine 8 | . 14 11 9 4 Leg 21 | . 28 22 27 13 Device 9 | . 14 12 9 4 Storage 18 | . 14 22 18 18 Processor 1 | . . 3 . . Protection 4 | . . 5 9 4 Energy Gun 5 | . 28 6 . . Energy Cannon 1 | . . . . 2 Ballistic Gun 2 | . . 5 6 . Ballistic Cannon 8 | . . 10 16 6 Launcher 2 | . . . 3 5 Naked Turns . | . . . . . Heaviest Build 40 | 12 12 35 40 39 Greatest Support 30 | 20 20 20 30 30 Greatest Overweight (x) 8 | . . 1 1 8 Average Overweight (x) . | . . . 1 . Largest Inventory Capacity 25 | 8 8 8 8 25 Average Capacity 7 | 7 8 8 8 6 Most Carried 8 | 7 8 8 8 8 Average Carried 6 | 4 7 7 7 4 Final Capacity 8 | 8 8 8 8 5 Final Carried 8 | 7 8 8 8 3 Class Distribution -------------------- 48% | Mutant 29% | Scavenger-Tank 11% | Scavenger-Mutant 7% | Tank Dominant Class ---------------- Mutant | -10/Materials Mutant | -9/Materials Scavenger-Tank | -8/Materials Mutant | -8/Storage Resources | -11 -10 -9 -8 -8 ----------- Run | Scr Mat Mat Mat Sto Matter Collected 2012 | 270 40 438 437 827 Remotely . | . . . . . Salvage Created 1827 | 108 51 501 543 624 Parts 107 | 4 6 30 23 44 Haulers Intercepted . | . . . . . Recyclers Shooed 1 | . . . . 1 Parts Field Recycled . | . . . . . Retrieved Matter . | . . . . . Parts Self-Destructed . | . . . . . Prevented . | . . . . . Kills | -11 -10 -9 -8 -8 ------- Run | Scr Mat Mat Mat Sto Combat Hostiles Destroyed 39 | . . 13 11 15 Guns 11 | . . 6 5 . Cannons 18 | . . 7 5 6 AOE 9 | . . . . 9 Classes Destroyed 11 | 2 1 3 2 3 Worker 1 | . . . . 1 Builder 7 | . . . 2 5 Tunneler 2 | 1 . 1 . . Recycler 2 | 1 . . . 1 Operator 1 | . . 1 . . Watcher 7 | . 3 . 2 2 Swarmer 3 | . . . . 3 Grunt 27 | . . 12 8 7 Brawler 2 | . . 1 1 . Sentry 6 | . . . 2 4 Hunter 1 | . . . . 1 Best Kill Streak 7 | 2 2 4 5 7 Combat Bots Only 6 | . . 3 3 6 Max Kills in Single Turn 3 | 1 1 1 2 3 Gunslinging . | . . . . . Exploded 1 | . . . . 1 Melee . | . . . . . Uniques/NPCs Destroyed . | . . . . . Combat | -11 -10 -9 -8 -8 -------- Run | Scr Mat Mat Mat Sto Damage Taken 2940 | . 8 475 740 1717 Core 662 | . . 102 162 398 Absorbed by Shields . | . . . . . Core Remaining (%) 91 | 100 100 74 . . Volleys Fired 133 | 5 17 46 33 32 Largest 3 | 2 2 2 3 3 Hottest 170 | 90 90 94 124 170 Shots Fired 319 | 10 32 91 99 87 Gun 115 | 10 32 45 28 . Cannon 155 | . . 46 53 56 Launcher 49 | . . . 18 31 Special . | . . . . . Kinetic 189 | . . 65 81 43 Thermal 68 | 10 32 26 . . Explosive 13 | . . . . 13 Electromagnetic 49 | . . . 18 31 Robot Hit Streak 9 | 6 5 7 8 9 Robot Miss Streak 5 | 1 2 5 4 5 Penetration Max . | . . . . . Secondary Targets . | . . . . . Shots Hit Robots 161 | 8 12 51 51 39 Core Hits 94 | 3 4 21 26 40 Critical Kills . | . . . . . Critical Parts Destroyed . | . . . . . Critical Strikes 6 | 1 1 3 . 1 Burn 4 | 1 1 2 . . Blast 2 | . . 1 . 1 Melee Attacks . | . . . . . Impact . | . . . . . Slashing . | . . . . . Piercing . | . . . . . Sneak Attacks . | . . . . . Combat Hostiles . | . . . . . Follow-up Attacks . | . . . . . Damage Inflicted 5005 | 93 152 997 1670 2093 Guns 869 | 93 152 396 228 . Cannons 1978 | . . 601 779 598 Explosions 2144 | . . . 663 1481 Melee . | . . . . . Ramming 14 | . . . . 14 Kinetic 2230 | . . 810 1007 413 Thermal 432 | 93 152 187 . . Explosive 971 | . . . . 971 Electromagnetic 1358 | . . . 663 695 Impact . | . . . . . Slashing . | . . . . . Piercing . | . . . . . Highest Corruption 28 | . . . . 28 Average Corruption 17 | . . . . 17 Corruption Purged . | . . . . . Corruption Blocked . | . . . . . Effects 23 | . . . . 23 Message Errors 6 | . . . . 6 Matter Fused 3 | . . . . 3 Heat Flow Errors 3 | . . . . 3 Energy Discharges 1 | . . . . 1 Parts Rejected 1 | . . . . 1 Data Loss (minor) 2 | . . . . 2 Data Loss (major) 1 | . . . . 1 Misdirections 6 | . . . . 6 Overload Shots . | . . . . . Overflow Damage 127 | . . 5 34 88 Projectiles 5 | . . 5 . . Explosions 122 | . . . 34 88 Melee . | . . . . . Knockbacks 15 | . . 6 7 2 Impact . | . . . . . Kinetic 14 | . . 6 6 2 Secondary 1 | . . . 1 . Self-Inflicted Damage 259 | . . . 127 132 Shots 11 | . . . 6 5 Rammed 4 | . . . . 4 Targets Rammed 4 | . . . . 4 Kicked . | . . . . . Crushed . | . . . . . Highest Temperature 568 | 120 150 354 164 568 Average Temperature 96 | 53 54 116 49 133 Received Heat Transfer 879 | . . 258 306 315 Effects 14 | . . 1 . 13 Shutdowns 1 | . . . . 1 Energy Bleed 4 | . . 1 . 3 Matter Decay 1 | . . . . 1 Short Circuit 2 | . . . . 2 Damage (minor) 2 | . . . . 2 Damage (major) 4 | . . . . 4 Siege Activations . | . . . . . Robots Corrupted 2 | . . . 1 1 Combat Hostiles 1 | . . . 1 . Parts Fried . | . . . . . Impact Corruptions . | . . . . . Robots Melted . | . . . . . Combat Hostiles . | . . . . . Parts Melted 2 | . 1 1 . . Heat Transferred 1508 | 322 483 703 . . Parts Sabotaged . | . . . . . Parts Stolen . | . . . . . Parts Stripped . | . . . . . Power Chain Reactions 2 | . . . 1 1 Missiles Intercepted . | . . . . . Alert | -11 -10 -9 -8 -8 ------- Run | Scr Mat Mat Mat Sto Peak Influence 823 | 10 61 351 512 823 Initial 137 | . 6 25 97 137 Average 283 | 3 29 182 304 502 Maximum Alert Level 3 | . . 1 2 3 Low Security (%) 40 | 100 100 47 14 18 Level 1 33 | . . 52 66 14 Level 2 18 | . . . 18 44 Level 3 7 | . . . . 22 Level 4 . | . . . . . Level 5 . | . . . . . High Security . | . . . . . Max Security . | . . . . . Squads Dispatched 13 | . 1 3 1 8 Investigation 1 | . . 1 . . Extermination . | . . . . . Reinforcement 9 | . 1 2 1 5 Assault 1 | . . . . 1 Garrison 2 | . . . . 2 Intercept . | . . . . . Searches Triggered . | . . . . . Construction Impeded 3 | . . . 1 2 Haulers Reinforced . | . . . . . Active Scanning Responses . | . . . . . Cargo Convoy Interrupts . | . . . . . Stealth | -11 -10 -9 -8 -8 --------- Run | Scr Mat Mat Mat Sto Distress Signals 4 | . . . 1 3 Communications Jammed . | . . . . . Distress Signals . | . . . . . Times Spotted 87 | . 8 15 17 47 Peak Tracking Total 12 | . 3 3 3 12 Tactical Retreats 10 | . . . 1 9 Traps | -11 -10 -9 -8 -8 ------- Run | Scr Mat Mat Mat Sto Traps Triggered 2 | . . 1 . 1 Indirectly . | . . . . . Trap Hack Attempts . | . . . . . Triggered . | . . . . . Disarmed . | . . . . . Reprogrammed . | . . . . . Reused . | . . . . . Traps Extracted . | . . . . . Installed . | . . . . . Triggered . | . . . . . Machines | -11 -10 -9 -8 -8 ---------- Run | Scr Mat Mat Mat Sto Machines Disabled 6 | . . 1 3 2 Max in Single Turn 2 | . . 1 2 1 Garrison Access 1 | . . . . 1 Machines Sabotaged . | . . . . . Garrisons Compromised . | . . . . . Overloaded Fab Kills . | . . . . . Hacking | -11 -10 -9 -8 -8 --------- Run | Scr Mat Mat Mat Sto Machines Accessed 8 | . 4 2 1 1 Terminals 7 | . 3 2 1 1 Fabricators . | . . . . . Repair Stations . | . . . . . Recycling Units 1 | . 1 . . . Scanalyzers . | . . . . . Garrison Access . | . . . . . Total Hacks 21 | . 10 6 2 3 Successful 12 | . 7 4 1 . Failed 9 | . 3 2 1 3 Catastrophic . | . . . . . Database Lockouts . | . . . . . Manual 11 | . 8 2 1 . Terminals 19 | . 8 6 2 3 Fabricators . | . . . . . Repair Stations . | . . . . . Recycling Units 2 | . 2 . . . Scanalyzers . | . . . . . Garrison Access . | . . . . . Terminal Hacks 4 | . 2 2 . . Robot Analysis 1 | . . 1 . . Locate Traps 1 | . 1 . . . Zone Layout 2 | . 1 1 . . Fabricator Hacks . | . . . . . Repair Station Hacks . | . . . . . Recycling Unit Hacks . | . . . . . Scanalyzer . | . . . . . Garrison Access Hacks . | . . . . . Unauthorized Hacks 8 | . 5 2 1 . Terminals 7 | . 4 2 1 . Track 3 | . 2 1 . . Botnet 3 | . 1 1 1 . Operators 1 | . 1 . . . Fabricators . | . . . . . Repair Stations . | . . . . . Recycling Units 1 | . 1 . . . Recyclers 1 | . 1 . . . Scanalyzers . | . . . . . Garrison Access . | . . . . . Data Cores Recovered . | . . . . . Used . | . . . . . Hacking Detections 6 | . 2 2 1 1 Full Trace Events 1 | . . . . 1 Feedback Events . | . . . . . Feedback Blocked . | . . . . . Robot Schematics Acquired . | . . . . . Robots Built . | . . . . . Authchips . | . . . . . Time . | . . . . . Total Robot Build Rating . | . . . . . Part Schematics Acquired . | . . . . . Parts Built . | . . . . . Authchips . | . . . . . Time . | . . . . . Total Part Build Rating . | . . . . . Parts Repaired . | . . . . . Time . | . . . . . Parts Recycled . | . . . . . Recycled Matter . | . . . . . Retrieved Matter . | . . . . . Retrieved Components . | . . . . . Parts Scanalyzed . | . . . . . Part Schematics Acquired . | . . . . . Parts Damaged . | . . . . . Bothacking | -11 -10 -9 -8 -8 ------------ Run | Scr Mat Mat Mat Sto Used RIF Installer . | . . . . . Robots Hacked . | . . . . . Non-combat . | . . . . . Combat . | . . . . . Robot Hacks Applied . | . . . . . Relay Couplers Released 2 | . . . . 2 Machine Destruction 2 | . . . . 2 Fabnet Peak Effective % . | . . . . . Robots Rewired . | . . . . . Allies Hacked . | . . . . . Hacks Repelled . | . . . . . Allies | -11 -10 -9 -8 -8 -------- Run | Scr Mat Mat Mat Sto Total Allies . | . . . . . Largest Group . | . . . . . Highest-Rated Group . | . . . . . Highest-Rated Ally . | . . . . . Total Orders . | . . . . . Ally Attacks . | . . . . . Total Damage . | . . . . . Kills . | . . . . . Allies Corrupted . | . . . . . Allies Melted . | . . . . . Intel | -11 -10 -9 -8 -8 ------- Run | Scr Mat Mat Mat Sto Robot Analysis Total 1 | . . 1 . . Derelict Logs Recovered . | . . . . . Drone Launches . | . . . . . Drone Recoveries . | . . . . . Exploration | -11 -10 -9 -8 -8 ------------- Run | Scr Mat Mat Mat Sto Turns Passed 2184 | 108 313 563 488 712 Spaces Moved 1202 | 65 215 237 194 491 Core 71 | 3 . . . 68 Treads . | . . . . . Legs 853 | 62 215 237 194 145 Wheels 214 | . . . . 214 Hover . | . . . . . Flight 64 | . . . . 64 Fastest Speed 34 | 50 120 120 190 34 Average Speed 135 | 116 120 158 190 112 Slowest Speed 450 | 120 120 190 190 450 Overloaded Moves . | . . . . . Propulsion Burnouts . | . . . . . Robots Hopped . | . . . . . Cave-ins Triggered 1 | . . . . 1 Exploration Rate (%) 30 | 4 43 19 19 68 Regions Visited 4 Branch Regions 1 Pre-discovered Areas . | . . . . . Known Exits Taken . | . . . . . Unknown Exits Taken 4 | 1 1 1 1 . Scrap Searched . | . . . . . Spaces Dug . | . . . . . Terrain Destroyed 161 | . . 12 46 103 Melee . | . . . . . Projectile 38 | . . 12 12 14 AOE 123 | . . . 34 89 Terrain Rammed . | . . . . . Walls Destroyed . | . . . . . Machines Disabled . | . . . . . Actions | -11 -10 -9 -8 -8 --------- Run | Scr Mat Mat Mat Sto Total 1488 | 83 240 344 245 576 Wait 32 | . . 22 6 4 Move 1198 | 64 214 236 193 491 Hop . | . . . . . Pick Up 40 | 7 5 8 5 15 Fast Attach 17 | 7 . 4 . 6 Attach 18 | . . 2 4 12 Detach . | . . . . . Swap 15 | . . 9 2 4 Drop 31 | . 4 17 2 8 Fire 133 | 5 17 46 33 32 Melee . | . . . . . Ram 4 | . . . . 4 Kick . | . . . . . Crush . | . . . . . Escape Stasis . | . . . . . Rewire . | . . . . . Trap . | . . . . . Miscellaneous . | . . . . . Route ------- -11/Scrapyard -10/Materials -9/Materials -8/Materials -8/Storage History --------- Turn | Location | Event 4 | -11/Scrapyard | Discovered new exit (range 15) 109 | -11/Scrapyard | Entered Materials 307 | -10/Materials | Build established: Mutant 357 | -10/Materials | Discovered new exit (range 10) 422 | -10/Materials | Entered another Materials area 422 | -9/Materials | Evolved 2 slots: Utility x2 921 | -9/Materials | Discovered new exit (range 7) 985 | -9/Materials | Entered another Materials area 985 | -8/Materials | Evolved 2 slots: Propulsion x1, Weapon x1 1153 | -8/Materials | Discovered new exit (range 8) 1373 | -8/Materials | Build established: Scavenger-Tank 1473 | -8/Materials | Entered Storage 1702 | -8/Storage | Garrison activated, responded to threat 1747 | -8/Storage | Lost 3 parts (1n1u1w) 1805 | -8/Storage | Crushed by falling debris 1805 | -8/Storage | System corruption reached 10% 1836 | -8/Storage | Lost 5 parts (3u2w) 1879 | -8/Storage | Core integrity fell below 50% 1918 | -8/Storage | Lost 7 parts (1p2n1u3w) 1970 | -8/Storage | Core integrity fell below 20% 2185 | -8/Storage | Destroyed by Y-45 Defender with Beam Rifle Last Messages --------------- 02135_ Dropped Broken Wheel. 02137_ Acquired Flight Unit. 02139_ 1 M%GT8TXDYJ WFYI660=K 02139_ System corrupted: Slammed into wall. 02139_ Hacking Suite destroyed. 02139_ System corrupted by crushing effect (+5). 02139_ Weight Redist. System destroyed. 02139_ System corrupted by crushing effect (+5). 02145_ U-05 Engineer lays Concrete. 02158_ WFBJ7GQYX,Q#CO2GGH6YK YT2Q=GG0VZBI